 Dungeon Crawl Stone Soup version 0.20-a0-379-gc0b65bf (webtiles) character file.

3024 mopl the Cleaver (level 9, -2/84 HPs)
             Began as a Hill Orc Wanderer on Dec 28, 2016.
             Was a Believer of Beogh.
             Slain by a rust devil (5 damage)
             ... on level 8 of the Dungeon.
             The game lasted 00:16:29 (10680 turns).

mopl the Cleaver (Hill Orc Wanderer)               Turns: 10680, Time: 00:16:29

Health: -2/84      AC: -7    Str: 18    XL:     9   Next: 85%
Magic:  12/12      EV:  7    Int:  9    God:    Beogh [**....]
Gold:   331        SH:  0    Dex: 13    Spells: 10/10 levels left

rFire  . . .     SeeInvis +     a - +5 battleaxe
rCold  . . .     Gourm    .     e - +0 chain mail {rPois}
rNeg   . . .     Faith    +     (shield currently unavailable)
rPois  +         Spirit   .     r - +0 helmet
rElec  .         Reflect  .     N - +0 cloak
rCorr  .         Harm     .     R - +0 pair of gloves
MR     +....                    k - +0 pair of boots
Stlth  ..........               O - amulet of faith {!P}
                                s - ring of see invisible
                                m - ring of protection from magic

@: corroded, drained, invisible
A: no striking features
a: Smiting, Renounce Religion


You were on level 8 of the Dungeon.
You worshipped Beogh.
Beogh was pleased with you.
You were not hungry.

You visited 1 branch of the dungeon, and saw 9 of its levels.

You collected 331 gold pieces.

Inventory:

Hand Weapons
 a - a +5 battleaxe (weapon)
 b - a +0 blowgun
 J - a +0 spear of venom
 P - a +2 antimagic whip
 T - a +0 hand axe of electrocution
Missiles
 c - 89 bolts
 j - 3 javelins (quivered)
 G - 2 curare-tipped needles
 I - 14 tomahawks
 M - 12 poisoned needles
Armour
 e - a +0 chain mail of poison resistance (worn)
 k - a +0 pair of boots (worn)
 q - a +0 plate armour
 r - a +0 helmet (worn)
 N - a +0 cloak (worn)
 R - a +0 pair of gloves (worn)
Jewellery
 m - a ring of protection from magic (left hand)
 s - a ring of see invisible (right hand)
 O - an amulet of faith (around neck) {!P}
 S - an uncursed ring of flight
Wands
 D - a wand of acid (6/15)
 E - a wand of disintegration (15/24)
Scrolls
 d - 3 scrolls of remove curse
 l - a scroll of amnesia {unknown}
 t - 3 scrolls of recharging {unknown}
 v - 5 scrolls of magic mapping {unknown}
 x - a scroll of fear {unknown}
 y - 2 scrolls of enchant armour {unknown}
 B - 2 scrolls of blinking {unknown}
 F - 3 scrolls of enchant weapon {unknown}
 K - a scroll of fog {unknown}
 U - a scroll of immolation {unknown}
 V - a scroll of teleportation {unknown}
Potions
 g - a potion of agility
 z - a potion of magic
 A - a potion of flight
 C - a potion of cancellation
 L - a potion of cure mutation {!q}
 Q - 2 potions of curing
Books
 i - a book of Minor Magic

   Spells                             Type                      Level
   a - Magic Dart                     Conjuration                  1
   b - Blink                          Translocation                2
   c - Call Imp                       Summoning                    2
   d - Repel Missiles                 Charms/Air                   2
   e - Slow                           Hexes                        2
   f - Conjure Flame                  Conjuration/Fire             3
   g - Mephitic Cloud                 Conjuration/Poison/Air       3
 H - the Disquisition on Creation

   Spells                             Type                      Level
   a - Summon Small Mammal            Summoning                    1
   b - Call Canine Familiar           Summoning                    3
Comestibles
 f - 13 bread rations
 p - 9 fruits
 u - 2 beef jerkies
 w - a slice of pizza


   Skills:
 + Level 9.5(8.2) Fighting
 * Level 12.4(11.0) Axes
 - Level 1.7(0.7) Throwing
 + Level 1.9(0.8) Armour
 - Level 1.5(0.5) Dodging
 - Level 1.0(0.0) Stealth
 - Level 1.0(0.0) Spellcasting
   Level 2.0(0.9) Conjurations
 + Level 5.3(4.1) Invocations


You had 10 spell levels left.
You didn't know any spells.

Dungeon Overview and Level Annotations

Branches:
Dungeon (9/15)             Temple (0/1) D:7
   Lair: D:8-11         Orc: D:9-12

Altars:
Dithmenos
Elyvilon
Fedhas
Hepliaklqana
Kikubaaqudgha
Nemelex Xobeh
Trog
Vehumet
Xom
Yredelemnul

Shops:
D:4 :


Message History

Unknown command.
Unknown command.
Unknown command.
Unknown command.
Unknown command.
Unknown command.
Unknown command.
Unknown command.
Unknown command.
Unknown command.
The rust devil hits you.
* * * LOW HITPOINT WARNING * * *
The rust devil corrodes you!
The orc warrior hits you from afar with a trident!!
* * * LOW HITPOINT WARNING * * *
Found a trident.
Okay, then.
You fade into invisibility!
The rust devil hits you.
You die...

##
#..###..##
#.## ##..#
..# ##(##
...# #(.#
######
#(.#
#...###(.#
#.)<.o#
###!4.###
#.4@..#
#.......#
#..####..#
#.## ..#
.## .. ..
).( ...


You could see 2 rust devils and an orc warrior.

Vanquished Creatures
  A hippogriff (D:8)
  Eustachio (D:4)
  A water moccasin (D:4)
  2 orc warriors
  A sky beast (D:5)
  2 black bears
  2 centaurs
  3 ogres
  A phantom (D:4)
  A gnoll sergeant (D:7)
  A bullfrog (D:6)
  2 scorpions
  3 killer bees (D:7)
  3 electric eels (D:6)
  3 howler monkeys
  5 wights
  2 crimson imps (D:6)
  A centaur zombie (D:7)
  A bullfrog skeleton (D:5)
  2 hounds
  3 orc wizards
  A centaur skeleton (D:6)
  Terence (D:2)
  3 iguanas
  A worker ant (D:4)
  A killer bee zombie (D:7)
  A hound zombie (D:6)
  Robin (D:2)
  8 adders
  14 gnolls
  3 shadow imps
  An ooze (D:5)
  5 worms
  A dart slug (D:1)
  3 leopard geckos
  15 orcs
  3 giant cockroaches
  25 goblins
  9 hobgoblins
  4 jackals
  5 kobolds
  A quokka (D:2)
  7 bats
  6 frilled lizards
  2 leopard gecko skeletons (D:4)
  A quokka zombie (D:5)
  9 rats
172 creatures vanquished.

Vanquished Creatures (others)
  A leopard gecko (D:5)
  2 orcs (D:5)
  8 fungi (D:8)
  A plant (D:8)
12 creatures vanquished.

Grand Total: 184 creatures vanquished

Notes
Turn   | Place    | Note
-------+----------+-------------------------------------------
     0 | D:1      | mopl the Hill Orc Wanderer began the quest for the Orb.
     0 | D:1      | mopl set off with: a book of Minor Magic, the Disquisition on Creation, a potion of lignification {!q}, a +0 robe, a +0 club, a bread ration
     0 | D:1      | Reached XP level 1. HP: 18/18 MP: 2/2
   191 | D:1      | Identified the Disquisition on Creation
   203 | D:1      | Reached skill level 3 in Fighting
   203 | D:1      | Reached XP level 2. HP: 2/26 MP: 3/3
   920 | D:1      | Reached skill level 4 in Fighting
   950 | D:1      | Reached XP level 3. HP: 26/33 MP: 4/4
  1663 | D:2      | Noticed Terence
  1680 | D:2      | Killed Terence
  1680 | D:2      | Reached skill level 5 in Fighting
  1680 | D:2      | Reached XP level 4. HP: 42/42 MP: 5/5
  1733 | D:2      | Noticed Robin
  1746 | D:2      | Reached skill level 1 in Axes
  1980 | D:2      | Killed Robin
  2229 | D:2      | Reached skill level 2 in Axes
  2495 | D:2      | Reached XP level 5. HP: 31/48 MP: 6/6
  2718 | D:2      | Reached skill level 3 in Axes
  3140 | D:2      | Found a hazy altar of Hepliaklqana.
  3669 | D:3      | Reached skill level 4 in Axes
  4264 | D:4      | Reached XP level 6. HP: 44/57 MP: 7/7
  4359 | D:4      | Reached skill level 5 in Axes
  4730 | D:4      | Reached skill level 6 in Fighting
  4737 | D:4      | Noticed Eustachio
  4764 | D:4      | Killed Eustachio
  4764 | D:4      | Reached skill level 6 in Axes
  4764 | D:4      | Reached XP level 7. HP: 27/64 MP: 8/8
  5375 | D:4      | Reached skill level 7 in Axes
  5488 | D:4      | Reached skill level 7 in Fighting
  5505 | D:4      | Found Fudd's Book Shop.
  5689 | D:5      | Entered Level 5 of the Dungeon
  5718 | D:5      | Found a blossoming altar of Fedhas.
  5737 | D:4      | Reached skill level 8 in Axes
  5737 | D:4      | Reached XP level 8. HP: 10/73 MP: 9/9
  5751 | D:4      | HP: 5/109 [poisoned by a water moccasin]
  5758 | D:4      | HP: 5/109 [poisoned by a water moccasin]
  6238 | D:5      | Became a worshipper of Beogh the Brigand
  6270 | D:5      | Reached skill level 9 in Axes
  6552 | D:5      | Found an ancient bone altar of Kikubaaqudgha.
  6623 | D:5      | Found a sparkling altar of Nemelex Xobeh.
  6874 | D:6      | Reached skill level 10 in Axes
  7143 | D:6      | Found a shimmering altar of Xom.
  7143 | D:6      | Found a white marble altar of Elyvilon.
  7149 | D:6      | Found a basalt altar of Yredelemnul.
  7151 | D:6      | Found a shadowy altar of Dithmenos.
  7153 | D:6      | Found a faded altar of an unknown god.
  7183 | D:6      | Reached skill level 1 in Invocations
  7184 | D:6      | Found a radiant altar of Vehumet.
  7265 | D:6      | Reached skill level 8 in Fighting
  7440 | D:6      | Reached * piety under Beogh
  7440 | D:6      | Reached skill level 2 in Invocations
  8041 | D:6      | Reached skill level 3 in Invocations
  8041 | D:6      | Reached XP level 9. HP: 72/82 MP: 11/11
  8326 | D:6      | Reached skill level 11 in Axes
  9234 | D:7      | Found a staircase to the Ecumenical Temple.
  9239 | D:7      | Found a shimmering altar of Xom.
  9240 | D:7      | Found a shimmering altar of Xom.
  9240 | D:7      | Found a shimmering altar of Xom.
  9512 | D:7      | Reached skill level 9 in Fighting
  9657 | D:7      | Reached ** piety under Beogh
  9657 | D:7      | Reached skill level 4 in Invocations
  9730 | D:7      | Found a bloodstained altar of Trog.
  9795 | D:7      | Found a shimmering altar of Xom.
  9868 | D:8      | Reached skill level 12 in Axes
 10403 | D:8      | Reached skill level 1 in Armour
 10429 | D:8      | Reached skill level 5 in Invocations
 10607 | D:7      | Noticed a rust devil
 10607 | D:7      | Noticed a rust devil
 10679 | D:8      | HP: 3/84 [orc warrior/trident (21)]
 10680 | D:8      | Slain by a rust devil

Vault maps used:
D:1:      shiori_arrival_maze
D:2:      lemuel_doored_altar, first_bread, uniq_terence, uniq_robin
D:4:      serial_shops, shop_fountains, uniq_eustachio
D:5:      grunt_temple_overflow_growth_and_decay, nemelex_altar_shiori
D:6:      chequers_temple_overflow_minitemple, vehumet_crystals, serial_bayou,
          serial_bayou_ford_a, serial_bayou_crossing, serial_bayou_shore_a,
          serial_bayou_pond_d
D:7:      cheibrodos_iron_armory, lightli_temple_of_fire, xom_redecorated
D:8:      grunt_lair_entry_orc_guard_hut
D:9:      cheibrodos_two_vegetables, kennysheep_mini_moat, uniq_psyche

Skill      XL: |  1  2  3  4  5  6  7  8  9 |
---------------+----------------------------+-----
Fighting       | 3 4 5 6 7 8 9 |  9.5
Axes           | 2 4 6 8 10 12 | 12.4
Invocations    | 3 5 |  5.3
Armour         | 1 |  1.9
Throwing       | |  1.7
Dodging        | |  1.5
Stealth        | |  1.0
Spellcasting   | |  1.0
Conjurations   | |  2.0

Action                   |  1- 3 |  4- 6 |  7- 9 || total
-------------------------+-------+-------+-------++-------
Melee: Club              |    18 |       |       ||    18
       Whip              |   123 |       |       ||   123
       Hand axe          |       |   302 |   121 ||   423
       War axe           |       |       |   256 ||   256
       Battleaxe         |       |       |    33 ||    33
 Fire: Blowgun           |       |     7 |    27 ||    34
Invok: Convert to Beogh  |       |       |     1 ||     1
       Smiting           |       |       |     1 ||     1
  Use: Potion            |     1 |     4 |     6 ||    11
       Scroll            |       |     4 |     5 ||     9
 Stab: Sleeping          |     1 |       |       ||     1
  Eat: Chunk             |     2 |    10 |    17 ||    29
       Pizza             |       |       |     1 ||     1
       Beef jerky        |       |       |     1 ||     1
Armor: Robe              |     4 |       |       ||     4
       Ring mail         |    36 |       |       ||    36
       Skin              |     9 |       |    37 ||    46
       Chain mail        |       |   197 |   161 ||   358
       Plate armour      |       |       |    54 ||    54
Dodge: Dodged            |    91 |   133 |   117 ||   341
